 Dungeon Crawl Stone Soup version 0.27-a0-1590-g15f6982 (webtiles) character file.

Game seed: 10271698905988424282

786 Think the Slicer (level 7, -5/44 (46) HPs)
             Began as an Octopode Fighter on July 18, 2021.
             Was a Priest of Ru.
             Slain by a worm (11 damage)
             ... while paralysed by Grinder
             ... on level 4 of the Dungeon.
             The game lasted 00:17:30 (5346 turns).

Think the Slicer (Octopode Fighter)                 Turns: 5346, Time: 00:17:31

HP:   -5/44 (46)    AC:  1    Str: 16    XL:     7   Next: 87%
MP:   7/7           EV:  2    Int: 10    God:    Ru [***...]
Gold: 174           SH:  0    Dex: 19    Spells: 6/6 levels left

rFire    . . .     SeeInvis .   i - +4 dagger
rCold    . . .     Faith    .   b - +1 kite shield
rNeg     . . .     Spirit   .   (helmet restricted)
rPois    .         Reflect  .   (no amulet)
rElec    .         Harm     .   l - +6 ring of dexterity
rCorr    .         Rampage  .   (no ring)
Will     .....                  (no ring)
Stlth    +++.......             (no ring)
HPRegen  0.14/turn              (no ring)
MPRegen  0.10/turn              (no ring)
                                (no ring)
                                (no ring)

@: paralysed, exhausted, unable to read, lightly drained
A: almost no armour, amphibious, 8 rings, camouflage 1, gelatinous body 1,
inability to read while threatened, hated by all, (nimble swimmer 1), tentacles
a: Renounce Religion, Draw Out Power


You were on level 4 of the Dungeon.
You worshipped Ru.
Ru was most pleased with you.
You visited 1 branch of the dungeon, and saw 5 of its levels.

You collected 174 gold pieces.

Inventory:

Hand Weapons
 a - a +0 rapier
 i - a +4 dagger (weapon)
Armour
 b - a +1 kite shield (worn)
Jewellery
 h - a ring of positive energy
 l - a +6 ring of dexterity (left tentacle)
Wands
 e - a wand of iceblast (9)
 j - a wand of acid (12)
Scrolls
 c - a scroll of fog {unknown}
 d - a scroll of holy word
 f - 3 scrolls of teleportation
Potions
 g - a potion of invisibility {unknown}
 k - a potion of brilliance {unknown}
 m - a potion of degeneration {unknown}
 n - 2 potions of haste {unknown}
 o - a potion of mutation {unknown}


   Skills:
 - Level 3.0 Fighting
 + Level 8.8 Short Blades
 - Level 3.0 Dodging
 - Level 3.0 Shields


You had 6 spell levels left.
You didn't know any spells.
Your spell library was empty.

Dungeon Overview and Level Annotations

Branches:
Dungeon (5/15)
 Temple: D:4-7

Altars:
Ru

Annotations:
D:4 Grinder


Innate Abilities, Weirdness & Mutations

You cannot wear most types of armour.
You are amphibious.
You can wear up to eight rings at the same time.
Your skin changes colour to match your surroundings (Stealth+).
Your rubbery body absorbs attacks. (AC +1, EV +1)
You sometimes lose the ability to read scrolls when taking damage.
You are hated by all.
((You are camouflaged near water. (Stealth+)))
You have tentacles for arms and can constrict up to eight enemies at once.


Message History

You block the howler monkey zombie's attack.
You block the bullfrog's attack. The worm bites you!
* * * LOW HITPOINT WARNING * * *
You climb upwards.
There is a stone staircase leading down here.
You are restored by drawing out deep reserves of power within.
You feel drained. You block the bullfrog's attack. Grinder barely misses you.
Okay, then.
You hit Grinder. Your grab misses Grinder.
Grinder is lightly wounded.
You block the bullfrog's attack. You block the worm's attack.
You redirect Grinder's attack!
Grinder hits herself but does no damage.
The bullfrog barely misses you.
You hit Grinder. Your grab misses Grinder.
Grinder is lightly wounded.
You block the bullfrog's attack. Grinder barely misses you.
You closely miss Grinder. You grab Grinder.
Grinder is lightly wounded.
You constrict Grinder.
The bullfrog is stunned by your conviction and fails to attack.
The worm bites you! The bullfrog hits you.
You hit Grinder. You squeeze Grinder.
Grinder is moderately wounded.
You constrict Grinder. Grinder gestures at you.
You suddenly lose the ability to move!
You lose your grip on Grinder.
The bullfrog hits you.
* * * LOW HITPOINT WARNING * * *
The worm is stunned by your conviction and fails to attack.
Grinder gestures at you. Pain shoots through your body!
* * * LOW HITPOINT WARNING * * *
The bullfrog hits you.
* * * LOW HITPOINT WARNING * * *
The bullfrog hits you.
* * * LOW HITPOINT WARNING * * *
Grinder is stunned by your conviction and fails to attack.
The bullfrog barely misses you. The worm bites you!
You die...

###### #....# ##### ##
#....### #...# #.
#......######## #...# #.
#.........5w..#####...####.
#.........@F..'..........'.
#...[.........############.
##########'##.....# ###
##.######.# #..
#...#####.#######.#
#....†.............
##+#.#####.#######.#
#......(...# #.#
#.†..#############.#


You could see Grinder, a bullfrog and a worm.

Vanquished Creatures
  Edmund (D:4)
  A sky beast (D:4)
  2 phantoms
  2 hounds
  Jessica (D:3)
  Ijyb (D:4)
  2 iguanas (D:4)
  Natasha (thrice) (D:3)
  Robin (D:2)
  A howler monkey zombie (D:5)
  A howler monkey skeleton (D:5)
  5 adders
  2 dart slugs
  5 orcs
  7 endoplasms
  4 giant cockroaches
  18 goblins
  9 hobgoblins
  15 jackals
  3 kobolds
  3 quokkas
  6 ball pythons
  4 bats
  2 frilled lizards
  5 rats
104 creatures vanquished.

Notes
Turn   | Place    | Note
-------+----------+-------------------------------------------
     0 | D:1      | Think the Octopode Fighter began the quest for the Orb.
     0 | D:1      | Reached XP level 1. HP: 16/16 MP: 1/1
    52 | D:1      | Reached XP level 2. HP: 8/21 MP: 2/2
   334 | D:1      | Reached skill level 3 in Short Blades
   640 | D:1      | Reached XP level 3. HP: 14/26 MP: 3/3
  1566 | D:1      | Found a faded altar of an unknown god.
  1764 | D:1      | Became a worshipper of Ru the Awakened
  1785 | D:1      | Gained mutation: You are hated by all. [Ru sacrifice]
  1785 | D:1      | Reached * piety under Ru
  1785 | D:1      | Reached ** piety under Ru
  1910 | D:2      | Reached skill level 4 in Short Blades
  1967 | D:2      | Reached XP level 4. HP: 24/31 MP: 4/4
  2158 | D:2      | Noticed Robin
  2176 | D:2      | HP: 1/31 [goblin/stone[Robin] (6)]
  2532 | D:2      | Killed Robin
  3063 | D:3      | Noticed Jessica
  3065 | D:3      | Noticed Natasha
  3070 | D:3      | Killed Jessica
  3071 | D:3      | Reached skill level 5 in Short Blades
  3071 | D:3      | Reached XP level 5. HP: 36/36 MP: 5/5
  3074 | D:3      | Killed Natasha
  3133 | D:3      | Noticed a phantom
  3174 | D:3      | Noticed Natasha
  3177 | D:3      | Killed Natasha
  3194 | D:3      | Killed a phantom
  3195 | D:3      | Reached skill level 6 in Short Blades
  3195 | D:3      | Reached XP level 6. HP: 35/42 MP: 6/6
  3313 | D:3      | Noticed Natasha
  3319 | D:3      | Killed Natasha
  3590 | D:3      | Gained mutation: You sometimes lose the ability to read
                  | scrolls when taking damage. [Ru sacrifice]
  3590 | D:3      | Reached *** piety under Ru
  3998 | D:4      | Noticed Edmund
  4026 | D:4      | Killed Edmund
  4027 | D:4      | Reached skill level 7 in Short Blades
  4027 | D:4      | Reached XP level 7. HP: 20/46 MP: 7/7
  4574 | D:4      | Reached skill level 8 in Short Blades
  4647 | D:4      | Noticed Ijyb
  4654 | D:4      | Killed Ijyb
  5001 | D:5      | Entered Level 5 of the Dungeon
  5072 | D:5      | Noticed Grinder
  5335 | D:5      | Paralysed by Grinder for 3 turns
  5344 | D:4      | Paralysed by Grinder for 6 turns
  5346 | D:4      | Slain by a worm

Illustrated notes

Levels and vault maps discovered:
D:1:      erik_arrival_cave_to_civilisation [erik_arrival_cave_to_hall],
          layout_basic, chequers_ecumenical_altar_grove, minmay_vboxes
D:2:      layout_loops_cross, uniq_robin
D:3:      layout_basic, serial_curves, eino_curves_02, eino_curves_01,
          nrook_mini_vaults, uniq_jessica, uniq_natasha
D:4:      layout_basic, uniq_edmund, uniq_ijyb
D:5:      layout_basic, kennysheep_nub, uniq_crazy_yiuf_cottage, uniq_grinder,
          uniq_eustachio

Skill      XL: |  1  2  3  4  5  6  7 |
---------------+----------------------+-----
Short Blades   | 3 4 5 6 7 8 |  8.8
Fighting       | |  3.0
Dodging        | |  3.0
Shields        | |  3.0

Action                   |  1- 3 |  4- 6 |  7- 9 || total
-------------------------+-------+-------+-------++-------
Melee: Rapier            |    53 |       |     5 ||    58
       Constrict         |    15 |    19 |    13 ||    47
       Tentacles         |    14 |    15 |    17 ||    46
       Dagger            |    20 |   110 |    70 ||   200
Invok: Sacrifice Love    |     1 |       |       ||     1
       Draw Out Power    |       |     1 |     1 ||     2
       Sacrifice Words   |       |     1 |       ||     1
  Use: Scroll            |       |     7 |     1 ||     8
       Potion            |       |     5 |     1 ||     6
 Stab: Sleeping          |     6 |     6 |     9 ||    21
       Distracted        |       |     1 |       ||     1
       Invisible         |       |     1 |       ||     1
Armor: Skin              |     4 |    10 |     4 ||    18
Dodge: Dodged            |    31 |    30 |    19 ||    80
Block: Kite shield       |    34 |    40 |    29 ||   103

Table legend: (Time is in decaauts)
 A = Elapsed time spent in this place.
 B = Non-inter-level travel time spent in this place.
 C = Inter-level travel time spent in this place.
 D = Time resting spent in this place.
 E = Time spent auto-exploring this place.
 F = Levels seen in this place.
 G = Mean time per level.
                   A        B        C        D        E       F      G
               +--------+--------+--------+--------+--------+-----+--------+
         Total |   5350 |   5152 |    198 |    905 |   3531 |   5 | 1070.0 |
       Dungeon |   5350 |   5152 |    198 |    905 |   3531 |   5 | 1070.0 |
               +--------+--------+--------+--------+--------+-----+--------+

Top non-repeatable levels by time:
     D:1: 1811 daAuts
     D:3: 1356 daAuts
     D:4: 1256 daAuts
     D:2: 839 daAuts
     D:5: 86 daAuts
